 Dungeon Crawl Stone Soup version 0.28-a0-794-gafe8c5f9e9 (webtiles) character file.

Game seed: 3541287637007022496

56 BigDaddyOpFi the Shield-Bearer (level 3, 0/26 HPs)
             Began as an Octopode Fighter on Nov 5, 2021.
             Constricted to death by a ball python (1 damage)
             ... on level 3 of the Dungeon.
             The game lasted 00:01:32 (1950 turns).

BigDaddyOpFi the Shield-Bearer (Octopode Fighter)   Turns: 1950, Time: 00:01:33

Health: 0/26       AC:  1    Str: 15    XL:     3   Next: 95%
Magic:  3/3        EV: 10    Int: 10    God:
Gold:   123        SH:  7    Dex: 12    Spells: 2/2 levels left

rFire   . . .      SeeInvis .   a - +0 long sword
rCold   . . .      Faith    .   b - +3 buckler
rNeg    . . .      Spirit   .   (helmet restricted)
rPois   .          Reflect  .   (no amulet)
rElec   .          Harm     .   (no ring)
rCorr   .          Rampage  .   (no ring)
Will    .....                   (no ring)
Stlth   +++.......              (no ring)
HPRegen 0.08/turn               (no ring)
MPRegen 0.08/turn               (no ring)
                                (no ring)
                                (no ring)

@: constricted
A: almost no armour, amphibious, 8 rings, camouflage 1, gelatinous body 1,
(nimble swimmer 1), tentacles
a: no special abilities


You were on level 3 of the Dungeon.
You visited 1 branch of the dungeon, and saw 3 of its levels.

You collected 123 gold pieces.

Inventory:

Hand Weapons
 a - a +0 long sword (weapon)
Armour
 b - a +3 buckler (worn)
Scrolls
 d - a scroll of identify {unknown}
Potions
 c - a potion of might
 f - a potion of attraction {unknown}
 g - a potion of curing {unknown}


   Skills:
 + Level 3.2 Fighting
 * Level 2.7 Long Blades
 + Level 3.2 Dodging
 * Level 2.6 Stealth
 + Level 3.2 Shields


You had 2 spell levels left.
You didn't know any spells.
Your spell library was empty.

Dungeon Overview and Level Annotations

Branches:
Dungeon (3/15)

Altars:
Kikubaaqudgha


Innate Abilities, Weirdness & Mutations

You cannot wear most types of armour.
You are amphibious.
You can wear up to eight rings at the same time.
Your skin changes colour to match your surroundings (Stealth+).
Your rubbery body absorbs attacks. (AC +1, EV +1)
((You are camouflaged near water. (Stealth+)))
You have tentacles for arms and can constrict up to eight enemies at once.


Message History

No target in view!
d - a scroll labelled SASSEC PEISARGH 3 orcs come into view.
There are monsters nearby!
There are monsters nearby!
A ball python comes into view.
Found a faded altar of an unknown god.
A giant cockroach comes into view.
A hound comes into view.
Found 4 gold pieces.
You see here a scroll labelled SOEQIG PAWIBREM.
A frilled lizard comes into view.
The orc shouts!
The hound barks!
The ball python hisses angrily.
The orc shouts!
You slash the orc!
You kill the orc!
You barely miss the hound. You grab the hound. You constrict the hound.
The hound misses you. The ball python barely misses you. x2
The orc hits you with a +0 short sword.
A quokka comes into view.
The hound bites you. You block the ball python's attack. x2
A dart slug comes into view.
You hit the hound but do no damage.
The hound is lightly wounded.
You constrict the hound. The hound bites you.
The giant cockroach bites you but does no damage.
The ball python barely misses you. You block the ball python's attack.
The hound bites you. You block the orc's attack.
The giant cockroach barely misses you. The frilled lizard barely misses you.
You release your grip on the hound.
The orc hits you with a +0 short sword.
* * * LOW HITPOINT WARNING * * *
The quokka twitches its whiskers.
The ball python barely misses you. x2
There is an empty arch of ancient stone here.
The giant cockroach bites you.
* * * LOW HITPOINT WARNING * * *
The ball python bites you.
* * * LOW HITPOINT WARNING * * *
The ball python grabs you. The ball python constricts you.
You die...

#...............
#.#.....8..∩..w...
#.#)....?..)......
#.#......r.r......
#.#...ol∩..♣..♣..∩
#......o..........
#..#.#B#.......$..
#....#S#h..♣..♣..♣
##....#@...........
#.....#.#..........
#.......#∩..∩..∩..
#......#########
#...#.## #..<###
#####


You could see a hound, 2 orcs, a giant cockroach, a ball python and a frilled
lizard.

Vanquished Creatures
  2 adders (D:2)
  An orc (D:3)
  A ball python (D:1)
  4 endoplasms
  2 giant cockroaches (D:1)
  4 goblins
  5 hobgoblins (D:1)
  2 jackals (D:1)
  2 kobolds
  3 quokkas (D:1)
  A bat (D:1)
  4 rats (D:1)
31 creatures vanquished.

Notes
Turn   | Place    | Note
-------+----------+-------------------------------------------
     0 | D:1      | BigDaddyOpFi the Octopode Fighter began the quest for the
                  | Orb.
     0 | D:1      | Reached XP level 1. HP: 16/16 MP: 1/1
   220 | D:1      | Reached skill level 1 in Stealth
   220 | D:1      | Reached XP level 2. HP: 21/21 MP: 2/2
   731 | D:1      | Reached XP level 3. HP: 26/26 MP: 3/3
  1709 | D:2      | Found an ancient bone altar of Kikubaaqudgha.
  1938 | D:3      | Found a faded altar of an unknown god.
  1950 | D:3      | HP: 1/26 [ball python (2)]
  1950 | D:3      | Constricted to death by a ball python

Illustrated notes

Levels and vault maps discovered:
D:1:      mrwooster_arrival_statue, layout_basic
D:2:      layout_loops_cross, basic_altar
D:3:      layout_rooms, beargit_hepliaklqana_dungeon_heroes,
          hellmonk_ecumenical_altar_arch_garden

Skill      XL: |  1  2  3 |
---------------+----------+-----
Stealth        | 1 2 |  2.6
Fighting       | |  3.2
Long Blades    | |  2.7
Dodging        | |  3.2
Shields        | |  3.2

Action                   || total
-------------------------++-------
Melee: Long sword        ||    50
       Tentacles         ||     6
       Constrict         ||    12
  Use: Scroll            ||     4
 Stab: Sleeping          ||     8
Armor: Skin              ||     2
Dodge: Dodged            ||    29
Block: Buckler           ||    10

Table legend: (Time is in decaauts)
 A = Elapsed time spent in this place.
 B = Non-inter-level travel time spent in this place.
 C = Inter-level travel time spent in this place.
 D = Time resting spent in this place.
 E = Time spent auto-exploring this place.
 F = Levels seen in this place.
 G = Mean time per level.
                   A        B        C        D        E       F      G
               +--------+--------+--------+--------+--------+-----+--------+
         Total |   1964 |   1849 |    115 |      0 |   1650 |   3 |  654.7 |
       Dungeon |   1964 |   1849 |    115 |      0 |   1650 |   3 |  654.7 |
               +--------+--------+--------+--------+--------+-----+--------+

Top non-repeatable levels by time:
     D:1: 1144 daAuts
     D:2: 789 daAuts
     D:3: 29 daAuts
